 Dungeon Crawl Stone Soup version 0.25-a0-865-gd392131cc7 (webtiles) character file.

Game seed: 12831549792896361979, levelgen mode: deterministic

8294 EWolf27 the Bludgeoner (level 11, -8/60 HPs)
             Began as a Gargoyle Fighter on Apr 2, 2020.
             Was a High Priest of Okawaru.
             Mangled by a two-headed ogre
             ... wielding a cursed -2 giant spiked club
              (12 damage)
             ... on level 10 of the Dungeon on Apr 30, 2020.
             The game lasted 00:50:52 (12179 turns).

EWolf27 the Bludgeoner (Gargoyle Fighter)          Turns: 12179, Time: 00:50:53

Health: -8/60      AC: 20    Str: 23    XL:     11   Next: 28%
Magic:  0/16       EV:  4    Int:  9    God:    Okawaru [*****.]
Gold:   570        SH:  9    Dex:  9    Spells: 10/10 levels left

rFire    . . .     SeeInvis .   D - +0 morningstar
rCold    . . .     Gourm    .   c - +0 kite shield
rNeg     + . .     Faith    .   m - +0 plate armour
rPois    ∞         Spirit   +   (no helmet)
rElec    +         Reflect  .   g - scarf {Spirit}
rCorr    .         Harm     .   u - +0 pair of gloves
MR       .....                  (no boots)
Stlth    ..........             (no amulet)
HPRegen  0.20/turn              (no ring)
MPRegen  0.15/turn              (no ring)

@: no status effects
A: negative energy resistance 1, electricity resistance, unbreathing,
petrification resistance, rot immunity, AC +8
a: Heroism, Finesse, Renounce Religion


You were on level 10 of the Dungeon.
You worshipped Okawaru.
Okawaru was extremely pleased with you.
You were not hungry.

You visited 2 branches of the dungeon, and saw 11 of its levels.

You collected 690 gold pieces.
You spent 120 gold pieces at shops.

Inventory:

Hand Weapons
 y - a +0 war axe of freezing
 D - a +0 morningstar (weapon)
Missiles
 l - 29 poisoned darts (quivered)
Armour
 a - the +4 chain mail "Vatzytz" {rPois, unknown}
   (You found it on level 9 of the Dungeon)

   It protects you from poison.
 c - a +0 kite shield (worn)
 g - a scarf of spirit shield (worn)
 m - a +0 plate armour (worn)
 u - a +0 pair of gloves (worn)
Wands
 w - a wand of digging (5)
 x - a wand of iceblast (6)
 G - a wand of acid (9)
Scrolls
 b - 3 scrolls of teleportation
 e - 4 scrolls of amnesia
 h - 3 scrolls of remove curse {unknown}
 i - 3 scrolls of identify
 k - a scroll of enchant armour {unknown}
 o - 3 scrolls of magic mapping
 p - a scroll of immolation
 z - a scroll of random uselessness {unknown}
 C - a scroll of torment {unknown}
 E - a scroll of brand weapon {unknown}
Potions
 d - 4 potions of might
 j - 3 potions of heal wounds {unknown}
 n - 3 potions of haste {unknown}
 q - 2 potions of stabbing {unknown}
 r - 3 potions of curing
 s - 3 potions of cancellation {unknown}
 t - 2 potions of magic
 A - a potion of lignification {unknown}
 B - 3 potions of mutation {unknown}
 F - a potion of brilliance {unknown}
Comestibles
 f - 7 rations
 v - 3 chunks of flesh


   Skills:
 - Level 3.2 Fighting
 * Level 15.2 Maces & Flails
 - Level 3.2 Armour
 - Level 3.2 Shields
 + Level 7.0 Invocations


You had 10 spell levels left.
You didn't know any spells.
Your spell library was empty.

Dungeon Overview and Level Annotations

Branches:
Dungeon (10/15)            Temple (1/1) D:5            Lair (0/6) D:8
    Orc: D:9-12

Altars:
Ashenzari
Cheibriados
Dithmenos
Elyvilon
Fedhas
Gozag
Hepliaklqana
Kikubaaqudgha
Makhleb
Nemelex Xobeh
Okawaru
Qazlal
Ru
Sif Muna
Trog
Uskayaw
Vehumet
Wu Jian
Xom
Yredelemnul
Zin
The Shining One

Shops:
D:5 }   D:7 [

Annotations:
D:8 1 runed translucent door, voshxx's ghost, novice DESu
D:9 exclusion: downstairs
D:10 Urug


Innate Abilities, Weirdness & Mutations

You are resistant to torment.
Your stone body is resilient. (AC +8)
You are immune to poison.
You resist negative energy. (rN+)
You are resistant to electric shocks. (rElec)
You can survive without breathing.
You are immune to petrification.
You are immune to rotting.


Message History

The two-headed ogre is moderately wounded.
You impale the two-headed ogre!!
The two-headed ogre is severely wounded.
You block the two-headed ogre's attack.
The two-headed ogre hits you with a +0 giant club!!
* * * LOW HITPOINT WARNING * * *
You hit the two-headed ogre.
The two-headed ogre is almost dead.
You hit the two-headed ogre.
The two-headed ogre is almost dead.
The two-headed ogre hits you with a cursed -2 giant spiked club.
* * * LOW HITPOINT WARNING * * *
The two-headed ogre hits you with a +0 giant club!
* * * LOW HITPOINT WARNING * * *
Your plate armour prevents you from hitting the two-headed ogre.
The two-headed ogre is almost dead.
You barely miss the two-headed ogre.
The two-headed ogre is almost dead.
The two-headed ogre hits you with a cursed -2 giant spiked club!
You die...

.....))<..+ .......#### .#######
#+ ... >..# #.. .. ##.### #.#
##.# #...# #..### #.. ###.# #...#
#.# ####'##### ####O## ####.#####
.........####...@.######........#
.........+..'.....#.............#
.........####.....#.####........#
.........# #.....#.# #........#
.........# #.....'.# #........#
#'######## #.)...### #.....>..#
#.# ###)### #######.## #.### ##[#
#.# #...# #..# #.#


You could see a two-headed ogre.

Vanquished Creatures
  A two-headed ogre (D:9)
  A centaur zombie (D:9)
  3 trolls
  2 hippogriffs
  A wyvern (D:8)
  A wraith (D:10)
  Eustachio (D:4)
  A spriggan (D:8)
  5 yaks (D:7)
  2 basilisks (D:7)
  A hungry ghost (D:7)
  Menkaure (D:6)
  2 water moccasins
  An orc warrior (D:8)
  4 porcupines (D:7)
  3 phantoms
  An ice beast (D:6)
  2 ogres (D:5)
  2 black bears
  An eye of draining (D:9)
  A sky beast (D:8)
  3 centaurs
  A crocodile (D:8)
  2 big kobolds
  Blork the orc (D:4)
  4 bullfrogs
  A gnoll sergeant (D:9)
  2 scorpions
  A water moccasin zombie (D:9)
  9 wights
  7 howler monkeys
  2 quasits
  2 bullfrog zombies
  3 crimson imps (D:6)
  7 hounds
  2 jellies
  A centaur skeleton (D:9)
  3 orc priests
  2 bullfrog skeletons
  An iguana (D:5)
  7 orc wizards
  6 worker ants
  A hound skeleton (D:4)
  5 gnolls
  8 adders
  2 shadow imps
  An ooze (D:2)
  A worm (D:2)
  2 dart slugs (D:1)
  6 leopard geckos
  36 orcs
  5 giant cockroaches
  6 goblins
  4 hobgoblins
  8 jackals
  3 quokkas
  3 ball pythons
  5 bats
  6 frilled lizards
  A giant cockroach zombie (D:5)
  17 kobolds
  2 leopard gecko skeletons
  A quokka zombie (D:7)
  4 rats
231 creatures vanquished.

Vanquished Creatures (others)
  A fungus (D:8)
1 creature vanquished.

Grand Total: 232 creatures vanquished

Notes
Turn   | Place    | Note
-------+----------+-------------------------------------------
     0 | D:1      | EWolf27 the Gargoyle Fighter began the quest for the Orb.
     0 | D:1      | Reached XP level 1. HP: 14/14 MP: 1/1
   201 | D:1      | Upgraded the game from 0.25-a0-699-g25a338df49 to
                  | 0.25-a0-705-ge9988fc0fb
   229 | D:1      | Reached XP level 2. HP: 19/19 MP: 2/2
   342 | D:1      | Reached skill level 3 in Maces & Flails
   849 | D:2      | Reached XP level 3. HP: 23/23 MP: 3/3
  1197 | D:2      | Reached skill level 4 in Maces & Flails
  1341 | D:2      | Reached XP level 4. HP: 26/28 MP: 4/4
  2242 | D:3      | Found a glowing golden altar of the Shining One.
  2331 | D:3      | Upgraded the game from 0.25-a0-705-ge9988fc0fb to
                  | 0.25-a0-743-g84dc20635f
  2829 | D:4      | Noticed a phantom
  2834 | D:4      | Reached skill level 5 in Maces & Flails
  2834 | D:4      | Reached XP level 5. HP: 26/32 MP: 5/5
  2978 | D:4      | Killed a phantom
  2978 | D:4      | Reached skill level 6 in Maces & Flails
  2978 | D:4      | Reached XP level 6. HP: 29/37 MP: 6/6
  2979 | D:4      | Upgraded the game from 0.25-a0-743-g84dc20635f to
                  | 0.25-a0-860-gf695395b5c
  3077 | D:4      | Found a glowing silver altar of Zin.
  3179 | D:4      | Noticed Blork the orc
  3201 | D:4      | Killed Blork the orc
  3214 | D:4      | Noticed Eustachio
  3317 | D:4      | Killed Eustachio
  3317 | D:4      | Reached skill level 7 in Maces & Flails
  3317 | D:4      | Reached XP level 7. HP: 41/41 MP: 7/7
  3912 | D:5      | Entered Level 5 of the Dungeon
  3916 | D:5      | Found a hide-covered altar of Uskayaw.
  3934 | D:5      | Reached skill level 8 in Maces & Flails
  4232 | D:5      | Found a staircase to the Ecumenical Temple.
  4242 | Temple   | Entered the Ecumenical Temple
  4446 | Temple   | Became a worshipper of Warmaster Okawaru
  4539 | D:5      | Found Mionaoz's Gadget Boutique.
  4563 | D:5      | Bought a wand of iceblast (6) for 120 gold pieces
  5100 | D:5      | Reached skill level 9 in Maces & Flails
  5100 | D:5      | Reached XP level 8. HP: 27/46 MP: 4/8
  5273 | D:5      | Reached * piety under Okawaru
  5610 | D:6      | Reached skill level 10 in Maces & Flails
  5994 | D:6      | Got a transparent scale mail
  6019 | D:6      | Identified the cursed +0 scale mail "Qixtisch" {Int+4} (You
                  | found it on level 6 of the Dungeon)
  6124 | D:6      | Reached skill level 11 in Maces & Flails
  6129 | D:6      | Noticed Menkaure
  6141 | D:6      | Killed Menkaure
  6141 | D:6      | Reached ** piety under Okawaru
  6141 | D:6      | Reached XP level 9. HP: 49/51 MP: 9/9
  6739 | D:7      | Reached skill level 12 in Maces & Flails
  7072 | D:7      | Reached *** piety under Okawaru
  7373 | D:7      | Found a blossoming altar of Fedhas.
  7378 | D:7      | Found a stormy altar of Qazlal.
  7381 | D:7      | Found a bloodstained altar of Trog.
  7400 | D:7      | Found Posamytu's Armour Shoppe.
  7408 | D:7      | Found a sparkling altar of Nemelex Xobeh.
  7905 | D:8      | Reached skill level 1 in Invocations
  7919 | D:7      | Reached skill level 13 in Maces & Flails
  8284 | D:7      | Reached XP level 10. HP: 40/56 MP: 11/11
  8387 | D:7      | Reached **** piety under Okawaru
  8770 | D:7      | Received a gift from Okawaru
  9051 | D:8      | Found a staircase to the Lair.
  9591 | D:8      | Found an ancient bone altar of Kikubaaqudgha.
  9659 | D:8      | Found a runed translucent door.
  9659 | D:8      | Noticed voshxx's ghost (novice DESu)
  9776 | D:8      | Reached ***** piety under Okawaru
  9776 | D:8      | Reached skill level 14 in Maces & Flails
 10055 | D:9      | Found a hazy altar of Hepliaklqana.
 10172 | D:9      | Reached skill level 5 in Invocations
 10467 | D:9      | Noticed a two-headed ogre
 10478 | D:9      | Killed a two-headed ogre
 10478 | D:9      | Received a gift from Okawaru
 10635 | D:9      | Reached XP level 11. HP: 55/60 MP: 1/15
 11119 | D:9      | Found a burning altar of Makhleb.
 11126 | D:9      | Got a faintly humming chain mail
 11154 | D:10     | Entered Level 10 of the Dungeon
 11665 | D:10     | Reached skill level 15 in Maces & Flails
 11680 | D:10     | Noticed Urug
 11805 | D:9      | Upgraded the game from 0.25-a0-860-gf695395b5c to
                  | 0.25-a0-865-gd392131cc7
 12170 | D:10     | Noticed a two-headed ogre
 12177 | D:10     | HP: 3/60 [two-headed ogre/cursed -2 giant spiked club (6)]
 12179 | D:10     | Mangled by a two-headed ogre

Levels and vault maps discovered:
D:1:      dpeg_arrival_water_temple_mockup, layout_loops_ring
D:2:      layout_basic
D:3:      layout_loops_ring, tso_metal_star, first_ration
D:4:      layout_rooms, old_standard_altar, enter_ossuary_2, uniq_blork_the_orc,
          uniq_eustachio
D:5:      layout_gridville, eat_drink_and_be_merry_uskayaw,
          minmay_temple_entry_arrows, serial_shops, shop_coins
D:6:      layout_rooms, uniq_menkaure
D:7:      layout_loops_ring, grunt_temple_overflow_diamond, serial_shops, shop,
          nemelex_xobeh_ov_fountains_minmay
D:8:      layout_rooms, kiku_gazebo_garden_becter, minmay_lair_entry_grove,
          ebering_ghost_inner_flame, grunt_pizzeria
D:9:      layout_irregular_city, kennysheep_mini, lightli_temple_of_fire
D:10:     layout_roguey, uniq_urug
Temple:   nicolae_temple_figure_eight

Skill      XL: |  1  2  3  4  5  6  7  8  9 10 11 |
---------------+----------------------------------+-----
Maces & Flails | 3 4 5 6 7 9 11 13 14 15 | 15.2
Invocations    | 2 6 7 |  7.0
Fighting       | |  3.2
Armour         | |  3.2
Shields        | |  3.2

Action                   |  1- 3 |  4- 6 |  7- 9 | 10-12 || total
-------------------------+-------+-------+-------+-------++-------
Melee: Flail             |   127 |   265 |   413 |       ||   805
       Morningstar       |       |       |    88 |   466 ||   554
Throw: Dart              |       |       |       |     8 ||     8
Invok: Heroism           |       |       |       |     3 ||     3
  Use: Scroll            |       |     4 |     5 |     1 ||    10
       Potion            |       |       |     1 |     1 ||     2
  Eat: Chunk             |     2 |     6 |    10 |     6 ||    24
       Ration            |       |       |     3 |     2 ||     5
Armor: Scale mail        |    30 |       |       |       ||    30
       Plate armour      |    39 |   234 |   373 |   383 ||  1029
Dodge: Dodged            |    22 |    48 |    87 |    94 ||   251
Block: Kite shield       |    77 |   141 |   224 |   240 ||   682

Table legend:
 A = Non-vault XP
 B = Vault XP
 C = Vault XP percentage of total XP
 D = Non-vault monster count
 E = Vault monster count
 F = Vault count percentage of total count
                 A         B        C        D         E       F
            +---------+---------+-------+---------+---------+-------
      Total |    9043 |    2806 |  23.7 |     214 |      17 |   7.4
            +---------+---------+-------+---------+---------+-------
        D:1 |      23 |       0 |   0.0 |      12 |       0 |   0.0
        D:2 |      68 |       0 |   0.0 |      25 |       0 |   0.0
        D:3 |      38 |       0 |   0.0 |      14 |       0 |   0.0
        D:4 |     379 |     297 |  43.9 |      15 |       2 |  11.8
        D:5 |     605 |       0 |   0.0 |      16 |       0 |   0.0
        D:6 |    1099 |     165 |  13.1 |      35 |       1 |   2.8
        D:7 |    1159 |    1973 |  63.0 |      19 |      11 |  36.7
        D:8 |     881 |     371 |  29.6 |      15 |       3 |  16.7
        D:9 |    2945 |       0 |   0.0 |      28 |       0 |   0.0
       D:10 |    1846 |       0 |   0.0 |      35 |       0 |   0.0
            +---------+---------+-------+---------+---------+-------
